 Dungeon Crawl Stone Soup version 0.20.1-1-g8b1a95d (webtiles) character file.

158 Liatris the Slasher (level 5, -6/33 HPs)
             Began as a Tengu Berserker on Aug 9, 2017.
             Was a Believer of Trog.
             Mangled by a bullfrog (9 damage)
             ... on level 3 of the Dungeon.
             The game lasted 00:04:58 (1891 turns).

Liatris the Slasher (Tengu Berserker)               Turns: 1891, Time: 00:04:59

Health: -6/33      AC:  4    Str: 17    XL:     5   Next: 40%
Magic:  6/6        EV: 13    Int: 13    God:    Trog [**....]
Gold:   132        SH:  0    Dex: 16    Spells: 4/4 levels left

rFire    . . .     SeeInvis .   a - +0 falchion
rCold    . . .     Gourm    .   (no shield)
rNeg     . . .     Faith    .   b - +0 animal skin
rPois    .         Spirit   .   (helmet restricted)
rElec    .         Reflect  .   j - +0 cloak {+Inv}
rCorr    .         Harm     .   (no gloves)
MR       +....                  (boots unavailable)
Stlth    ++........             (no amulet)
Regen    0.2/turn               k - +1 ring of protection
MPRegen  0.1/turn               (no ring)

@: brilliant, berserk cooldown, slowed, very slow
A: beak, talons 3, agile 1, blink, blurry vision 1, magic resistance 1, able to
fly 1
a: Fly, Blink, Berserk, Trog's Hand, Burn Spellbooks, Renounce Religion, Evoke
Invisibility


You were on level 3 of the Dungeon.
You worshipped Trog.
Trog was pleased with you.
You were not hungry.

You visited 1 branch of the dungeon, and saw 3 of its levels.

You collected 132 gold pieces.

Inventory:

Hand Weapons
 a - a +0 falchion (weapon)
Armour
 b - a +0 animal skin (worn)
 j - a +0 cloak of invisibility (worn)
Jewellery
 k - a +1 ring of protection (left hand)
Wands
 i - a wand of enslavement (5/24)
Scrolls
 d - a scroll of fog {unknown}
 e - a scroll of enchant armour {unknown}
Potions
 f - a potion of cancellation {unknown}
 g - a potion of degeneration {unknown}
 l - a potion of brilliance
Comestibles
 c - 3 bread rations


   Skills:
 + Level 3.8 Fighting
 + Level 5.2 Long Blades
 + Level 2.4 Armour
 + Level 3.1 Dodging
 + Level 0.7 Stealth


You had 4 spell levels left.
You didn't know any spells.

Dungeon Overview and Level Annotations

Branches:
Dungeon (3/15)

Altars:
Ashenzari
Hepliaklqana
Qazlal


Innate Abilities, Weirdness & Mutations

You have a beak for a mouth.
You have claws for feet.
You can fly.
You are agile. (Dex +2)
You can translocate small distances at will.
Scrolls take you a little longer to read.
You are resistant to hostile enchantments. (MR+)


Message History

The rat is severely wounded.
The bullfrog barely misses you. The rat bites you but does no damage.
The bullfrog closely misses you. The bullfrog hits you.
* * * LOW HITPOINT WARNING * * *
You hit the bullfrog but do no damage. You peck the bullfrog.
The bullfrog is lightly wounded.
The bullfrog misses you. The bullfrog hits you.
* * * LOW HITPOINT WARNING * * *
The bullfrog hits you.
* * * LOW HITPOINT WARNING * * *
It was a potion of brilliance.
You feel clever all of a sudden. The bullfrog barely misses you.
The bullfrog hits you but does no damage.
It was a potion of mutation.
You feel extremely strange.
You feel resistant to hostile enchantments.
Your vision blurs.
You feel jittery.
You feel agile. The bullfrog hits you!
You die...

.oo#.# ##...
..o#.#####... .
.#..........##.#
.........<.#..
.............
.?.........#
#..........##### #
...#†......).wo###.##..#
...........###rF@.......
...>.........#####.###..
........####..###..#
.......## ##......###
..).##.# #........# ....
#.# #<####.#.. .... #.#
#.# . .... #.# #.# ...
#.. #.#


You could see a bullfrog, a worm, an orc and a rat.

Vanquished Creatures
  Crazy Yiuf (D:2)
  Terence (D:3)
  4 adders
  A worm (D:2)
  3 dart slugs
  2 leopard geckos
  3 orcs (D:3)
  6 bats
  2 giant cockroaches (D:2)
  6 hobgoblins
  6 jackals (D:2)
  4 kobolds
  A quokka (D:3)
  8 goblins
  9 rats
57 creatures vanquished.

Notes
Turn   | Place    | Note
-------+----------+-------------------------------------------
     0 | D:1      | Liatris the Tengu Berserker began the quest for the Orb.
     0 | D:1      | Reached XP level 1. HP: 14/14 MP: 2/2
    66 | D:1      | Reached XP level 2. HP: 19/19 MP: 3/3
   641 | D:2      | Reached XP level 3. HP: 21/23 MP: 4/4
   685 | D:2      | Reached skill level 4 in Long Blades
   951 | D:2      | Found a stormy altar of Qazlal.
  1035 | D:2      | Reached ** piety under Trog
  1172 | D:2      | Found a hazy altar of Hepliaklqana.
  1186 | D:2      | Found a shattered altar of Ashenzari.
  1310 | D:2      | Reached XP level 4. HP: 20/29 MP: 5/5
  1536 | D:2      | Found a runed door.
  1540 | D:2      | Noticed Crazy Yiuf
  1547 | D:2      | Killed Crazy Yiuf
  1853 | D:3      | Reached skill level 5 in Long Blades
  1853 | D:3      | Gained mutation: You can fly. [Tengu growth]
  1853 | D:3      | Reached XP level 5. HP: 23/33 MP: 6/6
  1860 | D:3      | Noticed Terence
  1875 | D:3      | Killed Terence
  1891 | D:3      | Gained mutation: You are resistant to hostile enchantments. (MR+) [potion of mutation]
  1891 | D:3      | Gained mutation: Scrolls take you a little longer to read. [potion of mutation]
  1891 | D:3      | Gained mutation: You can translocate small distances at will. [potion of mutation]
  1891 | D:3      | Gained mutation: You are agile. (Dex +2) [potion of mutation]
  1891 | D:3      | Mangled by a bullfrog

Skill      XL: |  1  2  3  4  5 |
---------------+----------------+-----
Long Blades    | 4 5 |  5.2
Dodging        | 3 |  3.1
Fighting       | |  3.8
Armour         | |  2.4
Stealth        | |  0.7

Action                   |  1- 3 |  4- 6 || total
-------------------------+-------+-------++-------
Melee: Falchion          |    84 |    36 ||   120
       Kick              |    22 |    12 ||    34
       Peck              |    10 |     5 ||    15
Invok: Berserk           |       |     1 ||     1
  Use: Scroll            |     4 |       ||     4
       Potion            |       |     2 ||     2
 Stab: Sleeping          |       |     1 ||     1
  Eat: Fruit             |     2 |       ||     2
       Bread ration      |       |     1 ||     1
Armor: Animal skin       |    22 |     5 ||    27
Dodge: Dodged            |    64 |    26 ||    90
       Rpst.: Falchion   |    21 |     2 ||    23
